 Dungeon Crawl Stone Soup version 0.31-a0-920-g28cbb04a8c (webtiles) character file.

Game seed: 17078504018695411334

592 kae the Vexing (level 7, -3/52 (53) HPs)
             Began as a Demonspawn Enchanter on Oct 17, 2023.
             Killed from afar by Dowan (16 damage)
             ... with a stone arrow
             ... on level 4 of the Dungeon.
             The game lasted 00:03:28 (3361 turns).

kae the Vexing (Demonspawn Enchanter)               Turns: 3361, Time: 00:03:29

HP:   -3/52 (53)    AC:  5    Str:  8    XL:     7   Next: 16%
MP:   6/10          EV: 12    Int: 18    God:
Gold: 126           SH:  0    Dex: 14    Spells: 5/10 levels left

rFire   . . .        o - +0 short sword (venom)
rCold   . . .        (no shield)
rNeg    . . .        b - +0 robe
rPois   .            (no helmet)
rElec   .            (no cloak)
rCorr   .            l - +0 pair of gloves
SInv    .            (no boots)
Will    .....        (no amulet)
Stlth   +++          L - ring of flight
HPRegen 1.28/turn    (no ring)
MPRegen 0.12/turn

%: no passive effects
@: flying, lightly drained
A: rugged brown scales 2, powered by death 1
a: no special abilities


You were on level 4 of the Dungeon.
You visited 1 branch of the dungeon, and saw 4 of its levels.

You collected 126 gold pieces.


Innate Abilities, Weirdness & Mutations

You are mostly covered in rugged brown scales. (AC +2, +5% HP)
You regenerate a little health from kills.


   Skills:
 + Level 2.7 Fighting
 * Level 4.0 Short Blades
 - Level 1.7 Dodging
 + Level 4.1 Stealth
 - Level 2.0 Spellcasting
 * Level 5.4 Hexes


You had 5 spell levels left.
You knew the following spells:

 Your Spells              Type           Power      Damage    Failure   Level
a - Ensorcelled Hibernat  Hex/Ice        22%        N/A       9%          2
b - Confusing Touch       Hex            21%        N/A       6%          3

Your spell library contained the following spells:

 Spells                   Type           Power      Damage    Failure   Level
 Tukima's Dance           Hex            21%        N/A       6%          3
 Apportation              Tloc           2%         N/A       19%         1
 Necrotise                Necr           4%         1d4       19%         1
 Summon Small Mammal      Summ           4%         N/A       19%         1
 Dazzling Flash           Conj/Hex       22%        N/A       19%         3
 Blink                    Tloc           2%         N/A       26%         2
 Silence                  Hex/Air        5%         N/A       86%         5
 Manifold Assault         Tloc           1%         N/A       87%         4
 Passage of Golubria      Tloc           1%         N/A       87%         4
 Lehudib's Crystal Spear  Conj/Erth      0%         10d2      100%        8

Inventory:

Hand Weapons
 a - a +1 dagger
 n - a +1 dagger of draining
   (You found it on level 3 of the Dungeon)
 o - a +0 short sword of venom (weapon)
   (You took it off a kobold on level 4 of the Dungeon)
Missiles
 f - 48 stones
Armour
 b - a +0 robe (worn)
 l - a +0 pair of gloves (worn)
   (You found it on level 2 of the Dungeon)
Jewellery
 L - a ring of flight (left hand)
   (You took it off a kobold on level 3 of the Dungeon)
Wands
 p - a wand of flame (11)
   (You took it off Sigmund on level 3 of the Dungeon)
 r - a wand of iceblast (10)
   (You found it on level 4 of the Dungeon)
Scrolls
 e - a scroll of teleportation {@r4}
 g - 2 scrolls of immolation {!r!r}
 j - a scroll of revelation
 q - a scroll of blinking {unknown}
 s - a scroll of noise {unknown}
 t - a scroll of identify {@r1}
Potions
 c - 2 potions of invisibility
 d - a potion of brilliance
 h - a potion of enlightenment
 i - 4 potions of curing {@q1}
 k - a potion of attraction {!q}
 m - a potion of lignification {!q}

Dungeon Overview and Level Annotations

Branches:
Dungeon (4/15) Zot: 20667
 Temple: D:4-7

Altars:
Nemelex Xobeh

Annotations:
D:2 exclusion: 4 gnolls
D:4 Dowan

#...# #......#.#
####### #...#
##..#.##.# #...#
#..#.##.####
#...#
#..#.......#
#.......)#.#####
####.#.#.......#
#.....#.###...
#.#####.#
#.######@......#
.......)########
..#####e#
#....>.#
#.#.##.# #.... #
# #.# #.# #.#


You could see Dowan (fast).


Message History

Duvessa shouts!
You hear a shout!
Dowan, Brother of Duvessa comes into view.
He is wielding a +0 dagger.
Duvessa misses you.
You closely miss Duvessa. Duvessa misses you.
You barely miss Duvessa. Duvessa misses you.
You hit Dowan. You punch Dowan.
Dowan points at you and mumbles some strange words.
You resist with some effort. Duvessa attacks as she pursues you!
Duvessa hits you with a +0 rapier! 😕 HP[-8]
You take 8 damage, and now have 44/52 hp.
You hit Duvessa but do no damage.
Duvessa is poisoned. 😕 HP[+1]
You barely miss Duvessa. Duvessa completely misses you.
Unknown command.
Casting: Confusing Touch (dangerous; 6% risk of failure)
Confirm with . or Enter, or press ? or * to list all spells.
Aiming: Ensorcelled Hibernation (safe; 9% risk of failure)
Press: ? - help, Shift-Dir - straight line, f - Dowan
Aim: Dowan, wielding a +0 dagger and wearing a +0 robe (lightly wounded, chance to affect: 45%) Duvessa is unaffected.
Duvessa gestures with her weapon.
Duvessa hits you with a +0 rapier! 😮 HP[-7] MP[-2]
You take 7 damage, and now have 38/52 hp.
You lost 2 mp, and now have 8/10 mp.
You completely miss Duvessa. Duvessa closely misses you.
Casting: Ensorcelled Hibernation (safe; 9% risk of failure)
Confirm with . or Enter, or press ? or * to list all spells.
Aiming: Ensorcelled Hibernation (safe; 9% risk of failure)
Press: ? - help, Shift-Dir - straight line, f/p - Dowan
Aim: Dowan, wielding a +0 dagger and wearing a +0 robe (lightly wounded, chance to affect: 45%) Duvessa is unaffected.
Duvessa hits you with a +0 rapier! 😮 HP[-9] MP[-2]
You take 9 damage, and now have 29/52 hp.
You lost 2 mp, and now have 6/10 mp.
You hit Duvessa but do no damage.
Duvessa looks even sicker.
Dowan mumbles some strange words.
Dowan blinks!
Duvessa completely misses you.
You hit Duvessa but do no damage.
Duvessa looks as sick as possible!
Duvessa hits you with a +0 rapier.
* * * LOW HITPOINT WARNING * * *
😨 HP[-4]
You take 4 damage, and now have 25/52 hp.
Unknown command.
You hit Duvessa but do no damage.
Duvessa looks as sick as possible!
Unknown command.
You hit Duvessa but do no damage. Duvessa hits you with a +0 rapier.
* * * LOW HITPOINT WARNING * * *
You hit Duvessa but do no damage. Duvessa barely misses you.
Unknown command.
You hit Duvessa.
Duvessa looks as sick as possible!
Duvessa hits you with a +0 rapier.
* * * LOW HITPOINT WARNING * * *
😨 HP[-4]
You take 4 damage, and now have 21/52 hp.
Casting: Ensorcelled Hibernation (safe; 9% risk of failure)
Confirm with . or Enter, or press ? or * to list all spells.
Aiming: Ensorcelled Hibernation (safe; 9% risk of failure)
Press: ? - help, Shift-Dir - straight line, f/p - Dowan
Aim: Dowan, wielding a +0 dagger and wearing a +0 robe (lightly wounded, chance to affect: 45%)
You miscast Ensorcelled Hibernation.
You are very lightly contaminated with residual magic.
Nothing appears to happen.
Duvessa hits you with a +0 rapier.
* * * LOW HITPOINT WARNING * * *
😨 HP[-1] MP[-1]
You take 1 damage, and now have 20/52 hp.
You lost 1 mp, and now have 5/10 mp.
You hit Duvessa but do no damage.
Duvessa looks as sick as possible!
Duvessa misses you. 😨 HP[+1]
You hit Duvessa but do no damage.
Duvessa looks as sick as possible!
You hit Duvessa but do no damage. Duvessa barely misses you.
Unknown command.
You hit Duvessa.
Duvessa looks as sick as possible!
Duvessa gestures with her weapon.
Duvessa misses you.
You hit Duvessa but do no damage. Duvessa barely misses you.
Unknown command.
You hit Duvessa but do no damage.
Dowan casts a spell.
Dowan blinks!
Duvessa completely misses you. 😨 HP[+1]
You hit Duvessa but do no damage.
Unknown command.
You completely miss Duvessa. Duvessa hits you with a +0 rapier!
* * * LOW HITPOINT WARNING * * *
Your magical contamination has completely faded away. 😱 HP[-10]
You take 10 damage, and now have 12/52 hp.
Unknown command.
You barely miss Duvessa. Duvessa closely misses you.
Unknown command.
You hit Duvessa but do no damage.
Duvessa looks as sick as possible!
You kill Duvessa!
Dowan seems overcome with grief.
Dowan seems to find hidden reserves of power!
Dowan casts a spell at you. The stone arrow hits you!
You die...

Skill      XL: |  1  2  3  4  5  6 |
---------------+-------------------+-----
Short Blades   | 1 3 4 |  4.0
Fighting       | 2 |  2.7
Stealth        | 3 4 |  4.1
Hexes          | 4 5 |  5.4
Dodging        | |  1.7
Spellcasting   | |  2.0

Action                     |  1- 3 |  4- 6 |  7- 9 || total
---------------------------+-------+-------+-------++-------
  Melee: Dagger            |   191 |    15 |       ||   206
         Punch             |     1 |       |     1 ||     2
         Short sword       |       |    51 |    29 ||    80
   Cast: Ensorcelled Hiber |    12 |     3 |     2 ||    17
         Confusing Touch   |     1 |     1 |       ||     2
    Use: Scroll            |     7 |     2 |       ||     9
   Stab: Sleeping          |    15 |     4 |       ||    19
         Confused          |     2 |       |       ||     2
 Armour: Robe              |    84 |    33 |    11 ||   128
  Dodge: Dodged            |   113 |    33 |    15 ||   161

Levels and vault maps discovered:
D:1:      sevenhm_arrival_forest_fort_small_4, layout_basic, nicolae_wormholes
D:2:      layout_basic, amethyst_killhole
D:3:      layout_loops_cross, nemelex_diamond_rough_becter,
          hellmonk_ecumenical_altar_pennies_from_heaven,
          kennysheep_pointless_box, uniq_grinder, uniq_sigmund
D:4:      layout_loops_cross, nzn_wu_jian_contemplation, serial_shops,
          nicolae_shop_gibbet_a_chance, uniq_edmund, uniq_duvessa

Notes
Turn   | Place    | Note
-------+----------+-------------------------------------------
     0 | D:1      | kae the Demonspawn Enchanter began the quest for the Orb.
     0 | D:1      | Reached XP level 1. HP: 13/13 MP: 3/3
     0 | D:1      | magus.rc [v1.11.3]
    66 | D:1      | You add the spells Blink and Manifold Assault to your
                  | library.
   208 | D:1      | Reached skill level 1 in Short Blades
   211 | D:1      | HP: 1/13 [kobold/+0 short sword (4)]
   581 | D:1      | Gained mutation: You are partially covered in rugged brown
                  | scales. (AC +1, +3% HP) [demonic ancestry]
   581 | D:1      | Reached XP level 2. HP: 14/20 MP: 5/5
   624 | D:1      | Learned a level 2 spell: Ensorcelled Hibernation
  1096 | D:2      | Gained mutation: You regenerate a little health from kills.
                  | [demonic ancestry]
  1096 | D:2      | Reached XP level 3. HP: 25/25 MP: 6/6
  1223 | D:2      | You pick up a book of the Moon and begin reading...
  1223 | D:2      | You add the spells Passage of Golubria, Silence and
                  | Lehudib's Crystal Spear to your library.
  1395 | D:2      | Reached skill level 1 in Fighting
  1395 | D:2      | Reached skill level 3 in Stealth
  1596 | D:2      | Learned a level 3 spell: Confusing Touch
  1692 | D:3      | Found a sparkling altar of Nemelex Xobeh.
  1702 | D:3      | Found a faded altar of an unknown god.
  1798 | D:3      | Reached skill level 2 in Short Blades
  1835 | D:3      | Noticed Sigmund
  2245 | D:3      | Noticed Grinder
  2260 | D:3      | HP: 4/26 [Grinder (5)]
  2273 | D:3      | Killed Grinder
  2274 | D:3      | Reached skill level 2 in Fighting
  2274 | D:3      | Reached skill level 3 in Short Blades
  2274 | D:3      | Reached skill level 4 in Hexes
  2274 | D:3      | Reached XP level 4. HP: 9/33 MP: 5/7
  2274 | D:3      | Reached XP level 5. HP: 11/39 MP: 5/8
  2624 | D:3      | Killed Sigmund
  2625 | D:3      | Reached skill level 5 in Hexes
  2625 | D:3      | Gained mutation: You are mostly covered in rugged brown
                  | scales. (AC +2, +5% HP) [demonic ancestry]
  2625 | D:3      | Reached XP level 6. HP: 37/48 MP: 6/9
  2720 | D:4      | Noticed Edmund
  2746 | D:4      | You pick up a book of Cantrips and begin reading...
  2746 | D:4      | You add the spells Necrotise, Summon Small Mammal and
                  | Apportation to your library.
  3126 | D:4      | HP: 8/40 [Edmund/+3 dire flail of draining (5)]
  3136 | D:4      | Killed Edmund
  3137 | D:4      | Reached skill level 4 in Short Blades
  3137 | D:4      | Reached skill level 4 in Stealth
  3137 | D:4      | Reached XP level 7. HP: 12/52 MP: 6/10
  3332 | D:4      | Noticed Duvessa
  3334 | D:4      | Noticed Dowan
  3359 | D:4      | HP: 12/52 [Duvessa/+0 rapier (10)]
  3361 | D:4      | Killed Duvessa
  3361 | D:4      | Killed from afar by Dowan

Vanquished Creatures
  Grinder (D:3)
  Sigmund (D:3)
  Edmund (D:4)
  Duvessa (D:4)
  An orc wizard (D:4)
  An adder (D:2)
  5 worms
  3 dart slugs
  6 orcs (D:4)
  3 endoplasms
  A giant cockroach (D:3)
  4 hobgoblins
  7 jackals (D:2)
  A quokka (D:3)
  7 ball pythons
  3 bats
  3 frilled lizards
  6 goblins
  6 kobolds
61 creatures vanquished.

Table legend:
 A = Non-vault XP
 B = Vault XP
 C = Vault XP percentage of total XP
 D = Non-vault monster count
 E = Vault monster count
 F = Vault count percentage of total count
                 A         B        C        D         E       F
            +---------+---------+-------+---------+---------+-------
      Total |     157 |     839 |  84.2 |      55 |       6 |   9.8
            +---------+---------+-------+---------+---------+-------
        D:1 |      17 |      10 |  37.0 |      10 |       2 |  16.7
        D:2 |      41 |       0 |   0.0 |      16 |       0 |   0.0
        D:3 |      27 |     507 |  94.9 |      14 |       2 |  12.5
        D:4 |      72 |     322 |  81.7 |      15 |       2 |  11.8
            +---------+---------+-------+---------+---------+-------

Skill      XL: |  1  2  3  4  5  6 |
---------------+-------------------+-----
Short Blades   | 1 3 4 |  4.0
Fighting       | 2 |  2.7
Stealth        | 3 4 |  4.1
Hexes          | 4 5 |  5.4
Dodging        | |  1.7
Spellcasting   | |  2.0

Action                     |  1- 3 |  4- 6 |  7- 9 || total
---------------------------+-------+-------+-------++-------
  Melee: Dagger            |   191 |    15 |       ||   206
         Punch             |     1 |       |     1 ||     2
         Short sword       |       |    51 |    29 ||    80
   Cast: Ensorcelled Hiber |    12 |     3 |     2 ||    17
         Confusing Touch   |     1 |     1 |       ||     2
    Use: Scroll            |     7 |     2 |       ||     9
   Stab: Sleeping          |    15 |     4 |       ||    19
         Confused          |     2 |       |       ||     2
 Armour: Robe              |    84 |    33 |    11 ||   128
  Dodge: Dodged            |   113 |    33 |    15 ||   161

Illustrated notes

Table legend:
 A = Kills in this place as a percentage of kills in the entire game.
 B = Kills by you in this place as a percentage of kills by you in the entire game.
 C = Kills by friends in this place as a percentage of kills by friends in the entire game.
 D = Other kills in this place as a percentage of other kills in the entire game.
 E = Experience gained in this place as a percentage of experience gained in the entire game.
 F = Experience gained in this place divided by the number of levels of this place that you have seen.
                   A       B       C       D       E      F
               +-------+-------+-------+-------+-------+----------------------
         Total | 100.0 | 100.0 |   N/A | 100.0 | 100.0 | 249.0
       Dungeon | 100.0 | 100.0 |   N/A | 100.0 | 100.0 | 249.0
               +-------+-------+-------+-------+-------+----------------------

Table legend: (Time is in decaauts)
 A = Elapsed time spent in this place.
 B = Non-inter-level travel time spent in this place.
 C = Inter-level travel time spent in this place.
 D = Time resting spent in this place.
 E = Time spent auto-exploring this place.
 F = Levels seen in this place.
 G = Mean time per level.
                   A        B        C        D        E       F      G
               +--------+--------+--------+--------+--------+-----+--------+
         Total |   3332 |   3222 |    110 |    222 |   2361 |   4 |  833.0 |
       Dungeon |   3332 |   3222 |    110 |    222 |   2361 |   4 |  833.0 |
               +--------+--------+--------+--------+--------+-----+--------+

Top non-repeatable levels by time:
     D:3: 994 daAuts
     D:1: 937 daAuts
     D:2: 753 daAuts
     D:4: 647 daAuts
